cohdb
Replays
Latest Replays
All Replays
Popular Replays
Top Player Replays
Match Explorer
How It Works
Community
CoH3 Stats
Reddit
Sign in to upload your games and track your stats! →
Sign in with Steam
Match 44300638
Unlisted
Match 44300638
Overview
Messages
Build Orders
End
Construct Infanterie Kompanie
Kettenkrad Recon Vehicle
Selects Italian Coastal Battlegroup
Selects Coastal Reserves
MG 42 Machine Gun Team
Coastal Reserve
Coastal Reserve
Coastal Reserve
MG 42 Bunker
MG 42 Bunker
MG 42 Bunker
Construct Luftwaffe Kompanie
Coastal Reserve
Selects Support Bunkers
Support Elements
Selects Designated Artillery Overwatch
MG 42 Bunker
Designated Artillery Overwatch
Selects Artillery Officer
MG 42 Bunker
Designated Artillery Overwatch
Wirbelwind Flakpanzer
Selects Bulwark
MG 42 Bunker
Artillery Officer
Medical Bunker
Selects Coastal Wall
MG 42 Bunker
Designated Artillery Overwatch
Coastal Reserve
Marder III M Tank Destroyer
Marder III M Tank Destroyer
MG 42 Bunker
Medical Bunker
Designated Artillery Overwatch
MG 42 Bunker
MG 42 Bunker
Designated Artillery Overwatch
MG 42 Bunker
Coastal Reserve
Medical Bunker
Artillery Officer
AVA
Valar[M]orgHulis
affinity
rafikos
Battlebird
MERCENARYCORPS
후암후암
lyj00forest
0
0
Comments
sign in to comment!
No comments posted yet!